 Dungeon Crawl Stone Soup version 0.27.0-1-g7a089689b8 (webtiles) character file.

Game seed: 4144900197635827243

241 SnakkuSnakku7 the Bolt Thrower (level 6, -12/44 HPs)
             Began as a Formicid Hunter on Aug 11, 2021.
             Mangled by a thrashing horror (13 damage)
             ... on level 1 of the Abyss.
             The game lasted 00:03:27 (2599 turns).

SnakkuSnakku7 the Bolt Thrower (Formicid Hunter)    Turns: 2599, Time: 00:03:28

Health: -12/44     AC:  4    Str: 18    XL:     6   Next: 30%
Magic:  6/6        EV: 11    Int: 11    God:
Gold:   118        SH:  0    Dex: 11    Spells: 5/5 levels left

rFire    . . .     SeeInvis +   a - +1 hand crossbow
rCold    . . .     Faith    .   (no shield)
rNeg     . . .     Spirit   .   c - +0 leather armour
rPois    .         Reflect  .   (helmet unavailable)
rElec    .         Harm     .   (no cloak)
rCorr    .         Rampage  .   e - +0 pair of gloves
Will     .....                  (no boots)
Stlth    +.........             (no amulet)
HPRegen  0.14/turn              (no ring)
MPRegen  0.10/turn              (no ring)

@: no status effects
A: permanent stasis, dig shafts and tunnels, antennae 3, four strong arms
a: Dig, Shaft Self


You were on level 1 of the Abyss.
You visited 1 branch of the dungeon, and saw 3 of its levels.
You visited the Abyss 1 time.

You collected 118 gold pieces.

Inventory:

Hand Weapons
 a - a +1 hand crossbow (weapon)
 b - a +4 dagger of venom
 k - a +0 short sword
 p - a +0 hand axe of electrocution
Missiles
 d - 64 bolts (quivered ammo)
Armour
 c - a +0 leather armour (worn)
 e - a +0 pair of gloves (worn)
Scrolls
 h - 2 scrolls of identify {unknown}
 l - a scroll of torment {unknown}
 m - a scroll of teleportation {unknown}
 n - a scroll of silence {unknown}
 o - a scroll of vulnerability {unknown}
Potions
 f - a potion of flight {unknown}
 g - 2 potions of curing {unknown}
 i - 2 potions of haste {unknown}
 j - 2 potions of might {unknown}
 q - a potion of berserk rage {unknown}
 r - a potion of invisibility {unknown}


   Skills:
 - Level 2.1 Fighting
 + Level 7.1 Crossbows
 - Level 1.7 Dodging
 - Level 1.2 Stealth


You had 5 spell levels left.
You didn't know any spells.
Your spell library contained the following spells:

 Spells                   Type           Power      Damage    Failure   Level
 Gell's Gravitas          Tloc           0%         N/A       77%         3
 Lesser Beckoning         Tloc           0%         N/A       77%         3
 Teleport Other           Tloc           0%         N/A       77%         3
 Tukima's Dance           Hex            0%         N/A       77%         3
 Passage of Golubria      Tloc           N/A        N/A       99%         4
 Yara's Violent Unravell  Hex/Tmut       0%         3d3       100%        5


Dungeon Overview and Level Annotations

Branches:
Dungeon (3/15)

Altars:

Annotations:
D:3 Crazy Yiuf


Innate Abilities, Weirdness & Mutations

You cannot be hasted, slowed, berserked, paralysed or teleported.
You can dig through walls and to a lower floor.
You have a pair of large antennae on your head. (SInv)
Your four strong arms can wield two-handed weapons with a shield.


Message History

The bolt closely misses the thrashing horror.
The thrashing horror roars!
An ufetubus comes into view.
Fire: 68 bolts
Press: ? - help, Q - select action, (/) - cycle Shift-Dir - straight line, f/p - thrashing horror
Aim: a thrashing horror (65% to hit)
You shoot a bolt. The ufetubus shouts!
The bolt hits the thrashing horror but does no damage.
The thrashing horror tramples you!
You hold your ground!
The thrashing horror tramples you.
You hold your ground!
Fire: 67 bolts
Press: ? - help, Q - select action, (/) - cycle Shift-Dir - straight line, f/p - thrashing horror
Aim: a thrashing horror (65% to hit)
You shoot a bolt.
The bolt barely misses the thrashing horror.
The thrashing horror tramples you.
You hold your ground!
The thrashing horror barely misses you.
Fire: 66 bolts
Press: ? - help, Q - select action, (/) - cycle Shift-Dir - straight line, f/p - thrashing horror
Aim: a thrashing horror (65% to hit)
You shoot a bolt. The bolt hits the thrashing horror!
The thrashing horror is moderately damaged.
The thrashing horror tramples you!
* * * LOW HITPOINT WARNING * * *
You hold your ground!
The thrashing horror closely misses you.
The thrashing horror completely misses you.
The thrashing horror tramples you!
* * * LOW HITPOINT WARNING * * *
You hold your ground!
Unknown command.
Fire: 65 bolts
Press: ? - help, Q - select action, (/) - cycle Shift-Dir - straight line, f/p - thrashing horror
Aim: a thrashing horror (moderately damaged, 65% to hit)
You shoot a bolt.
The bolt hits the thrashing horror but does no damage.
The thrashing horror is moderately damaged.
The thrashing horror tramples you!
You die...

... ... #... #.#... .#
.. ..# # ..#.# #..
#.##.# #.##....#..## .
#.....##..#..# ###.#
#. #.....###.## #.#
...# . ...#.#.######.#
. .. #(. #5#....# #..
.. #...##..#.#.# .
...##.. #(..X@#.......
.... . ###(...###. #.#
#. . #..#...#
...#.....# #
#..#...#.##.####.#...#
#.. .#..## ..#. . .. #
#.. .# ##. .#...#. #.#
Ť# . . ... .### .#. Ť
#. .#.. ..#.. # .##
###. .


You could see a thrashing horror and an ufetubus.

Vanquished Creatures
  3 orc priests (D:3)
  An orc wizard (D:3)
  4 adders
  13 orcs (D:3)
  6 ball pythons
  A bat (D:1)
  7 endoplasms
  2 giant cockroaches
  4 goblins
  8 hobgoblins
  14 jackals
  A quokka (D:1)
  A frilled lizard (D:1)
  3 kobolds
  5 rats
73 creatures vanquished.

Notes
Turn   | Place    | Note
-------+----------+-------------------------------------------
     0 | D:1      | SnakkuSnakku7 the Formicid Hunter began the quest for the
                  | Orb.
     0 | D:1      | Reached XP level 1. HP: 16/16 MP: 1/1
    94 | D:1      | Reached XP level 2. HP: 13/22 MP: 2/2
   140 | D:1      | HP: 1/22 [rat (3)]
   674 | D:1      | Reached XP level 3. HP: 23/27 MP: 3/3
   850 | D:2      | Reached skill level 5 in Crossbows
   982 | D:2      | Reached XP level 4. HP: 17/33 MP: 4/4
  1027 | D:2      | You fall into a shaft and drop 1 floor!
  1218 | D:3      | Found a runed translucent door.
  1219 | D:3      | Noticed Crazy Yiuf
  1339 | D:2      | Reached XP level 5. HP: 18/38 MP: 5/5
  1496 | D:2      | Reached skill level 6 in Crossbows
  2082 | D:3      | Reached XP level 6. HP: 37/44 MP: 6/6
  2089 | D:3      | Reached skill level 7 in Crossbows
  2522 | D:3      | Cast into level 1 of the Abyss (Crazy Yiuf)
  2578 | Abyss:1  | Noticed a large abomination
  2594 | Abyss:1  | Noticed a thrashing horror
  2598 | Abyss:1  | HP: 1/44 [thrashing horror (8)]
  2599 | Abyss:1  | Mangled by a thrashing horror

Illustrated notes

Levels and vault maps discovered:
D:1:      psy_arrival_whirlpool, layout_basic
D:2:      minmay_evil_eye, layout_rooms, minmay_misc_feat_doors,
          lemuel_another_geyser
D:3:      layout_basic, minivault_23, uniq_crazy_yiuf_cottage
Abyss:1:  base: D:1, evilmike_abyss_exit_6, evilmike_abyss_exit_6

Skill      XL: |  1  2  3  4  5  6 |
---------------+-------------------+-----
Crossbows      | 5 6 7 |  7.1
Fighting       | |  2.1
Dodging        | |  1.7
Stealth        | |  1.2

Action                   |  1- 3 |  4- 6 || total
-------------------------+-------+-------++-------
Melee: Short sword       |   123 |       ||   123
       Hand axe          |       |    43 ||    43
       Dagger            |       |    38 ||    38
 Fire: Hand crossbow     |     9 |    17 ||    26
 Abil: Dig               |     2 |     4 ||     6
 Stab: Sleeping          |     1 |     1 ||     2
Armor: Leather armour    |    57 |    24 ||    81
Dodge: Dodged            |    93 |    44 ||   137
